AoeStats
← LeDerp

Oasis

507756464Analyzed
2v2 RM · 13d ago on Sep 19, 2026· 29m 55s· 4 players
Game mode
Random Map
Map size
Medium (4 player)
Population
200
Speed
Normal
Resources
Standard
Victory
Conquest
Starting age
Dark Age
Ending age
Imperial Age
RankedLock teamsTeams togetherTeam positionsShared explorationLock speedFull tech treeHidden civsTurbo modeCheats
Victory
Defeat
🇩🇪 Cumans · Germany
1284
+14
🇩🇪 Franks · Germany
1284
+14
🇫🇷 Sicilians · France
1275
-16
🇨🇳 Poles · China
1202
-12
dorshiffe10
2:23 Loom
LeDerp
9:53 Feudal Age
8:28 Loom
10:36 Double-Bit Axe
10:33 Horse Collar
20:13 Castle Age
21:16 Stone Mining
21:39 Bow Saw
21:31 Heavy Plow
26:22 Szlachta Privileges
26:32 Bloodlines
28:16 Husbandry
29:02 Scale Barding Armor
c.bayrhammer
7:36 Loom
9:49 Feudal Age
11:10 Horse Collar
18:46 Double-Bit Axe
21:23 Fletching
26:28 Castle Age
24:47 Scale Barding Armor
25:30 Forging
25:37 Bloodlines
27:15 Crossbowman
28:39 Iron Casting
28:49 Chain Barding Armor
28:37 Town Watch
Brok3nArms
7:29 Loom
9:30 Feudal Age
10:32 Double-Bit Axe
15:47 Forging
21:42 Scale Barding Armor
25:46 Castle Age
24:24 Gold Mining
27:22 Wheelbarrow
Connection lost

Rejoining the realm…

Still unreachable

The connection could not be restored.

Session expired

The server has moved on; the page needs a fresh start.